[Event "*** Biggest EVER Titled Tuesday"]
[Site "Chess.com"]
[Date "2018.04.17"]
[Round "7"]
[White "Bryakin_Mikhail"]
[Black "cheese111"]
[Result "1-0"]
[WhiteElo "2609"]
[BlackElo "2417"]
[TimeControl "180+2"]
[EndTime "14:40:52 PDT"]
[Termination "Bryakin_Mikhail won by resignation"]

1. e4 e5 2. Nf3 Nc6 3. Bc4 Bc5 4. O-O Nf6 5. d3 O-O 6. Be3 Bxe3 7. fxe3 d6 8. a3 Be6 9. Nbd2 Bxc4 10. Nxc4 a5 11. a4 Ne7 12. Qe1 b6 13. Qg3 Ng6 14. Rf2 Qd7 15. b3 Qg4 16. Qxg4 Nxg4 17. Re2 Nf6 18. Ree1 Rfe8 19. Nfd2 h6 20. Na3 Nf8 21. Nb5 Ne6 22. Nc4 Re7 23. Kf1 g6 24. Ke2 Kg7 25.
Rf1 h5 26. Nc3 Nd7 27. Nd5 Ree8 28. Rf2 Rf8 29. Raf1 Rae8 30. Kd2 Rc8 31. Na3 Rcd8 32. Nc4 Ndc5 33. Nf6 Nd7 34. Nd5 Ndc5 35. Kc1 Nd7 36. Kb2 Ndc5 37. Nd2 Nd7 38. Nf3 Ndc5 39. h4 Rd7 40. Nh2 Rh8 41. Rf6 Rh7 42. R1f2 Rh8 43. Nf1 Rf8 44. Ng3 Rb8 45. Kc3 c6 46. d4 Na6 47.
Kd2 cxd5 48. exd5 Nec7 49. c4 exd4 50. exd4 Re8 51. R2f4 Nb8 52. Rf1 Ree7 53. Kd3 Ne8 54. R6f3 f5 55. Ne2 Nc7 56. Nf4 Kf6 57. Rg3 Rg7 58. Rg5 Rde7 59. Nxh5+ Kf7 60. Nxg7 Kxg7 61.
h5 Kh6 62. Rxg6+ Kxh5 63. Rxd6 Nd7 64. Rxf5+ Kg4 65. Rf3 Ne8 66. Rg6+ Kh5 67. Rg8 Ng7 68. Rg3 Kh6 69. Rh3+ Kg6 70. Rg3+ Kh7 71. Ra8 Nf6 72. Rh3+ Kg6 73. Rg3+ Kf7 74. Rb8 Nf5 75. Rf3 Nh4 76.
Rf2 Kg7 77. Rxb6 Ng4 78. Re2 Rf7 79. c5 Ng6 80. Kc4 Nf4 81. Re8 Nxd5 82. Kxd5 Nf6+ 83. Rxf6 Kxf6 84. c6 1-0

[Event "*** Biggest EVER Titled Tuesday"]
[Site "Chess.com"]
[Date "2018.04.17"]
[Round "7"]
[White "Bigfish1995"]
[Black "GMKrikor"]
[Result "0-1"]
[WhiteElo "2746"]
[BlackElo "2630"]
[TimeControl "180+2"]
[EndTime "14:41:03 PDT"]
[Termination "GMKrikor won by resignation"]

1. d4 Nf6 2. c4 e6 3. Nf3 d5 4. g3 Bb4+ 5. Bd2 Be7 6. Bg2 O-O 7. O-O Nbd7 8. Qc2 Ne4 9. Be3 c6 10.
Nbd2 f5 11. Ne1 Ndf6 12. Nxe4 fxe4 13. f3 exf3 14. Nxf3 Bd6 15. Bg5 Qe8 16. Bxf6 gxf6 17. e4 Bd7 18. Rae1 dxe4 19. Qxe4 Qg6 20. Qe3 Rae8 21.
a3 Kh8 22. b4 Qg7 23. Re2 e5 24. dxe5 fxe5 25. Rd1 Bb8 26. Rf2 Bg4 27. Re1 e4 28.
Nd2 Be5 29. Rxf8+ Rxf8 30. Kh1 Bc3 31. Qxe4 Bxd2 32. Rg1 Bc3 33. b5 cxb5 34. cxb5 b6 35. Rc1 Bd4 36. Rc4 Rd8 37. Qf4 Bc5 38. Rc1 Be6 39.
a4 Bd5 40. Bxd5 Rxd5 41. Re1 Rd8 42. Kg2 Qb7+ 43. Kh3 Qd7+ 44. Kg2 Qd5+ 45. Kh3 Qd7+ 46.
Kg2 Rf8 47. Qe5+ Qg7 48. Qe4 Qf6 49. Kh3 Qh6+ 50. Qh4 Qf6 51. Qxf6+ Rxf6 52. Re5 Rf7 53. a5 Kg7 54. a6 Kf6 55. Re8 Re7 56. Rc8 Ke6 57.
Rd8 Bd6 58. Kg4 Kd5 59. Kf5 Kc5 60. Kf6 Rc7 61. Ke6 Rg7 62. Rc8+ Bc7 63. h4 Kxb5 64. h5 h6 65. Kf6 Rd7 66. g4 Kxa6 67. Rh8 b5 68. Kf5 Rd6 69. g5 hxg5 70. h6 Rd5+ 71. Kg4 Be5 72. Re8 Bc3 73. h7 Rd7 74. h8=Q Bxh8 75.
Rxh8 b4 76. Kxg5 Kb5 77. Kf4 Re7 78. Rh5+ Ka4 0-1

[Event "*** Biggest EVER Titled Tuesday"]
[Site "Chess.com"]
[Date "2018.04.17"]
[Round "7"]
[White "IMRosen"]
[Black "underdogchss"]
[Result "1/2-1/2"]
[WhiteElo "2394"]
[BlackElo "2380"]
[TimeControl "180+2"]
[EndTime "14:42:06 PDT"]
[Termination "Game drawn by agreement"]

1. d4 Nf6 2. Bf4 e6 3. e3 b6 4. Nf3 Bb7 5. c4 Be7 6. Nc3 Nh5 7. Bg3 Nxg3 8. hxg3 d6 9. Qc2 h6 10. O-O-O Nd7 11. Kb1 Nf6 12. Bd3 c5 13. d5 exd5 14. cxd5 a6 15. e4 Qc7 16. Nh4 c4 17. Be2 g6 18. f4 b5 19. Nf3 Ng4 20. Qd2 Qc5 21. Rde1 O-O-O 22. Nd4 Nf2 23. Rhf1 Nd3 24. Nb3 cxb3 25.
Bxd3 bxa2+ 26. Nxa2 Kb8 27. Qf2 Qxf2 28. Rxf2 h5 29.
Nb4 Ka7 30. Nc2 Bf6 31. Be2 Kb6 32. Bf3 Bg7 33. Rd2 Rhe8 34. Rh1 Re7 35. Re2 Rde8 36. Rhe1 Bf6 37. Kc1 Bg7 38. Kb1 a5 39. Rd2 b4 40.
Red1 Bh6 41. Ne1 h4 42. Nd3 hxg3 43. Rh1 Bg7 44. Rh3 Ba6 45. Rxg3 Bd4 46. e5 Be3 47. Rd1 dxe5 48. fxe5 Bxd3+ 49. Rxd3 Rxe5 50. Rh3 Bc5 51. Rh1 Re1+ 52. Rxe1 Rxe1+ 53. Rd1 Rxd1+ 54. Bxd1 Bd6 55.
Kc2 Kc5 56. Bf3 a4 57. Kb1 b3 58. Kc1 Kc4 59. Kb1 Bf4 60. g4 Kd3 61. Bg2 Kd4 62.
Bf3 Ke3 63. Bg2 Bd6 64. Bf1 Kf3 65. Bb5 g5 66. Be8 f6 67. Bd7 Ke4 68. Be6 Ke5 69.
Kc1 Kd4 70. Kb1 Kc4 71. Kc1 Kb4 72. Kb1 a3 73. bxa3+ Kxa3 74. Bf5 Kb4 75. Be6 Kc4 76. Kb2 Be5+ 77. Kb1 Kc3 78. Bf5 Bd6 79. Be6 Ba3 80. Bf5 Kd4 81. Be6 Ke5 82. Ka1 Kd6 83. Kb1 Kc5 84.
Ka1 Kd4 85. Kb1 Kc3 86. Bf5 Bd6 87. Be6 Be5 88. Bf5 Kc4 89. Be6 Kd4 90. Kb2 Kc4+ 91. Kb1 Kb4 92. Bf5 Ka3 93. Be6 Ka4 94. Bf5 Kb4 95. Be6 Kc5 96. Kc1 Kd6 97. Kb1 Bc3 98. Kc1 Ke5 99. Kb1 1/2-1/2

[Event "*** Biggest EVER Titled Tuesday"]
[Site "Chess.com"]
[Date "2018.04.17"]
[Round "7"]
[White "GeorgMeier"]
[Black "maciek_92"]
[Result "1/2-1/2"]
[WhiteElo "2765"]
[BlackElo "2585"]
[TimeControl "180+2"]
[EndTime "14:42:24 PDT"]
[Termination "Game drawn - insufficient material"]

1. Nf3 Nf6 2. g3 b6 3. Bg2 Bb7 4. O-O e6 5. c4 Be7 6. Nc3 O-O 7. d4 Ne4 8. Bd2 d5 9. cxd5 exd5 10. Bf4 a6 11.
Qb3 Nxc3 12. bxc3 Bd6 13. Ne5 Bxe5 14. Bxe5 Nd7 15. Bf4 Nf6 16. Bg5 Re8 17. e3 Re6 18.
Rfc1 h6 19. Bxf6 Rxf6 20. a4 a5 21. c4 dxc4 22. Qxc4 Bxg2 23. Kxg2 c6 24. Rab1 Ra7 25. Rb3 Rb7 26. Rcb1 Rb8 27. R1b2 h5 28. h3 g6 29. Rc3 Qd7 30. Rcb3 Qf5 31. Qe2 Qd5+ 32. Kg1 c5 33. Rb5 Rc8 34. h4 Qd7 35. dxc5 bxc5 36.
Rd2 Qf5 37. Qc4 Re6 38. Kg2 Re4 39. Qa2 Qf6 40. Qc2 Qc6 41. Kg1 Re6 42. Qc4 Re4 43.
Qc2 c4 44. Rxa5 Rce8 45. Rb5 Qc7 46. Rg5 c3 47. Rd3 Rc4 48. a5 Rb8 49. Rd4 Rb2 50.
Qc1 Rxd4 51. exd4 c2 52. Rc5 Qb8 53. Kh2 Qb3 54. a6 Ra2 55. a7 Qb1 56. Qxc2 Qxc2 57.
Rxc2 Rxa7 58. Kg2 Ra3 59. Rd2 Kf8 60. Kf1 Ke7 61. Ke2 Kd6 62. Rd3 Ra2+ 63. Ke3 Ra7 64. Rc3 Re7+ 65. Kd3 Ra7 66. Rb3 Ra2 67. Ke3 Ra7 68.
Rb5 Kc6 69. Re5 Kd6 70. Ke4 Ra2 71. f3 Re2+ 72. Kf4 Rd2 73. Ke3 Ra2 74. Rb5 Ra7 75.
g4 hxg4 76. fxg4 Ra3+ 77. Ke4 Rh3 78. h5 f5+ 79. gxf5 Rh4+ 80. Kd3 gxh5 81. Rb6+ Kd5 82. Rb5+ Kd6 83. Ke3 Rg4 84. Rb6+ Kd5 85. f6 Rg1 86.
Kf4 h4 87. Kf5 h3 88. Rb2 Rg2 89. Rb3 Rf2+ 90. Kg6 h2 91. Rh3 Ke6 92. d5+ Kxd5 93. f7 Ke6 94. Rxh2 Rf6+ 95. Kg5 Rxf7 96. Re2+ Kd7 97.
Rd2+ Ke8 98. Re2+ Re7 99. Rxe7+ Kxe7 1/2-1/2

[Event "*** Biggest EVER Titled Tuesday"]
[Site "Chess.com"]
[Date "2018.04.17"]
[Round "7"]
[White "KNVB"]
[Black "MikaelyanArman"]
[Result "0-1"]
[WhiteElo "2586"]
[BlackElo "2604"]
[TimeControl "180+2"]
[EndTime "14:43:35 PDT"]
[Termination "MikaelyanArman won by checkmate"]

1. d4 d5 2. Bf4 Nf6 3. e3 e6 4. Nf3 c5 5. c3 Nc6 6. Nbd2 Bd6 7. Bg3 O-O 8. Bd3 b6 9. e4 Be7 10. e5 Nh5 11. Ng5 Bxg5 12. Qxh5 g6 13. Qe2 cxd4 14. h4 Bh6 15. h5 Bg7 16. Nf3 dxc3 17.
bxc3 Ne7 18. Nd4 Nf5 19. Bxf5 exf5 20. hxg6 fxg6 21. f4 Qc7 22. Rc1 a5 23. Kf2 Ba6 24. Qf3 Qc4 25. Bh4 Rae8 26. Rc2 Rf7 27. Bg5 h5 28.
Rd1 Rc7 29. Kg3 a4 30. Kh2 Qc5 31. Bf6 Bxf6 32. exf6 Qd6 33. Rcc1 Bc4 34. Re1 Re4 35. Rxe4 dxe4 36. Qg3 Qxf6 37. Rb1 h4 38. Qf2 Bd3 39. Rb4 Qd6 40. Rxa4 Kg7 41. Ra8 Qf6 42. Rb8 Re7 43.
Ra8 e3 44. Qe1 e2 45. Rd8 Rf7 46. Rd5 Re7 47. Nf3 Qe6 48. Re5 Qd6 49. Rxe7+ Qxe7 50.
Ne5 Ba6 51. c4 Qc5 52. Qxe2 Qd4 53. Qf3 Kh6 54. Nf7+ Kg7 55. Ng5 Bc8 56. Nh3 Be6 57.
Qb7+ Bf7 58. Qc7 Qxc4 59. Qe5+ Kg8 60. Qb8+ Kg7 61. Qxb6 Qxa2 62. Qd4+ Kf8 63. Qh8+ Ke7 64. Qxh4+ Ke8 65. Qh8+ Kd7 66. Ng5 Qc4 67. Qe5 Qd5 68. Qf6 Be8 69. Ne6 Qxe6 70. Qg7+ Qe7 71. Qd4+ Qd6 72.
Qg7+ Ke6 73. Kg3 Qd3+ 74. Kh4 Qd8+ 75. Kg3 Qe7 76. Qh8 Qa3+ 77. Kh4 Qe7+ 78. Kg3 Bf7 79. Qe5+ Kd7 80. Qb5+ Kc7 81. Qa5+ Kc8 82. Qa8+ Kd7 83. Qb7+ Ke8 84. Qb8+ Qd8 85. Qe5+ Kf8 86. Qh8+ Bg8 87. Qe5 Qe7 88. Qd4 Kf7 89. Qc3 Qd6 90. Qc4+ Kg7 91. Qc3+ Kh7 92. Qe3 Bf7 93. Kh4 Qf6+ 94. Kg3 Kg7 95.
Qc5 Qb2 96. Qd6 Qc3+ 97. Kh2 Qf6 98. Qd2 Qh4+ 99. Kg1 Qg3 100. Qd4+ Kh7 101. Qd7 Qe3+ 102. Kh1 Kg7 103. Qd6 Qe4 104. Kh2 Bd5 105. Qc7+ Kh6 106. Kg3 Qxg2+ 107. Kh4 Qg4# 0-1

[Event "*** Biggest EVER Titled Tuesday"]
[Site "Chess.com"]
[Date "2018.04.17"]
[Round "8"]
[White "Eliwood44"]
[Black "Winehouse83"]
[Result "0-1"]
[WhiteElo "2119"]
[BlackElo "2333"]
[TimeControl "180+2"]
[EndTime "14:46:00 PDT"]
[Termination "Winehouse83 won by resignation"]

1. d4 Nf6 2. Nf3 g6 3. Nc3 Bg7 4. e4 d6 5. Be3 O-O 6. Qd2 c6 7. Bd3 b5 8. Ne2 Nbd7 9. Ng3 Ng4 10. Bg5 f6 11. Be3 Nxe3 12. Qxe3 c5 13. d5 c4 14. Be2 f5 15. c3 f4 0-1

[Event "*** Biggest EVER Titled Tuesday"]
[Site "Chess.com"]
[Date "2018.04.17"]
[Round "8"]
[White "ChainsOfFantasia"]
[Black "djano"]
[Result "1-0"]
[WhiteElo "2415"]
[BlackElo "2427"]
[TimeControl "180+2"]
[EndTime "14:46:44 PDT"]
[Termination "ChainsOfFantasia won by resignation"]

1. d4 f5 2. Bf4 e6 3. e3 Nf6 4.
Nc3 Bb4 5. Ne2 O-O 6. a3 Be7 7. h3 b6 8. g4 Bb7 9. Rg1 fxg4 10. hxg4 c5 11. Qd2 Nc6 12. O-O-O d5 13. Bh3 b5 14. g5 b4 15. gxf6 bxc3 16. Rxg7+ Kh8 17. Qd3 1-0

[Event "*** Biggest EVER Titled Tuesday"]
[Site "Chess.com"]
[Date "2018.04.17"]
[Round "8"]
[White "Rish_97"]
[Black "rekosheten"]
[Result "0-1"]
[WhiteElo "2262"]
[BlackElo "2288"]
[TimeControl "180+2"]
[EndTime "14:47:02 PDT"]
[Termination "rekosheten won by checkmate"]

1. c4 e5 2. Nc3 Bb4 3. g3 Bxc3 4. dxc3 d6 5. Bg2 Nc6 6. e4 f5 7. Ne2 fxe4 8. Bxe4 Nf6 9. Bg2 Be6 10.
b3 Qd7 11. Be3 Bh3 12. O-O h5 13. Qc2 O-O-O 14. b4 h4 15. b5 Bxg2 16. Kxg2 hxg3 17. hxg3 Qh3+ 18. Kf3 e4+ 19. Kf4 Qg4# 0-1

[Event "*** Biggest EVER Titled Tuesday"]
[Site "Chess.com"]
[Date "2018.04.17"]
[Round "8"]
[White "nailbeshirli"]
[Black "nikitakhoroshev"]
[Result "0-1"]
[WhiteElo "2325"]
[BlackElo "2532"]
[TimeControl "180+2"]
[EndTime "14:47:38 PDT"]
[Termination "nikitakhoroshev won by resignation"]

1. e4 e6 2. d4 d5 3. Nd2 a6 4. Bd3 c5 5. dxc5 Bxc5 6. Ngf3 Nf6 7. Qe2 Nc6 8. e5 Nd7 9. Nb3 Nb4 10. Nxc5 Nxc5 11.
Be3 Nbxd3+ 12. cxd3 Qa5+ 13. Bd2 Qb5 14. O-O Qxd3 15.
Qe1 Bd7 16. Rc1 b6 17. Be3 O-O 18. b4 Ne4 19. Bxb6 Bb5 20. Qd1 Qxf1+ 21. Qxf1 Bxf1 22. Kxf1 Rfc8 23. Bc5 a5 24. a3 axb4 25. axb4 Rab8 26. Nd4 Rxb4 27. Ra1 Nxc5 0-1

[Event "*** Biggest EVER Titled Tuesday"]
[Site "Chess.com"]
[Date "2018.04.17"]
[Round "8"]
[White "Robert_Chessmood"]
[Black "champ2005"]
[Result "1-0"]
[WhiteElo "2758"]
[BlackElo "2621"]
[TimeControl "180+2"]
[EndTime "14:48:11 PDT"]
[Termination "Robert_Chessmood won by resignation"]

1. e4 c6 2. d4 d5 3. exd5 cxd5 4. Nf3 Nc6 5. Bb5 Bd7 6. O-O e6 7. Re1 Nf6 8. c3 Be7 9. Bd3 O-O 10. Bf4 a6 11. h3 b5 12. a3 Na5 13. Ne5 Nc4 14. Qe2 Qb6 15. Bg5 Qb7 16. b3 Nb6 17. Nd2 Rfe8 18. Bxf6 Bxf6 19. Bxh7+ Kxh7 20. Qh5+ Kg8 21. Qxf7+ Kh7 22. Ng4 Bg5 23. Nf3 Bh6 24. Nf6+ Kh8 25.
Ne5 1-0

[Event "*** Biggest EVER Titled Tuesday"]
[Site "Chess.com"]
[Date "2018.04.17"]
[Round "8"]
[White "KenanGarayev"]
[Black "Kriari"]
[Result "1-0"]
[WhiteElo "2574"]
[BlackElo "2739"]
[TimeControl "180+2"]
[EndTime "14:48:12 PDT"]
[Termination "KenanGarayev won by resignation"]

1. d4 Nf6 2. c4 g6 3. Nc3 Bg7 4. e4 d6 5. f4 c5 6. d5 O-O 7.
Nf3 e6 8. Be2 exd5 9. cxd5 Bg4 10. e5 Nfd7 11. e6 fxe6 12. dxe6 Bxe6 13. Ng5 Bf7 14.
Nxf7 Rxf7 15. Bc4 Nb6 16. Bxf7+ Kxf7 17. O-O Nc6 18. f5 Bd4+ 19. Kh1 Kg7 20. Ne4 Qh4 21.
Ng5 Be5 22. Nf3 Qh5 23. Nxe5 Qxd1 24. f6+ Kf8 25. Bh6+ Kg8 26. f7+ Kh8 27. Raxd1 1-0

[Event "*** Biggest EVER Titled Tuesday"]
[Site "Chess.com"]
[Date "2018.04.17"]
[Round "8"]
[White "FastChance"]
[Black "Shtembuliak"]
[Result "0-1"]
[WhiteElo "2679"]
[BlackElo "2659"]
[TimeControl "180+2"]
[EndTime "14:48:43 PDT"]
[Termination "Shtembuliak won by resignation"]

1. e4 e6 2. d4 d5 3. Nc3 Nc6 4. Nf3 Nf6 5. Bd3 Nb4 6. e5 Nxd3+ 7. Qxd3 Ng8 8. Bg5 Ne7 9. O-O h6 10. Bd2 b6 11. Rfe1 a5 12. Ne2 Ba6 13. Qe3 Nf5 14. Qf4 g5 15. Qg4 Be7 16. Ng3 Nxg3 17. Qxg3 Qd7 18. a3 a4 19. Bb4 c5 20. Bc3 O-O-O 21. b3 axb3 22. cxb3 Rdg8 23. a4 g4 24. Nd2 h5 25. a5 h4 26. Qf4 Bg5 27. Qxg4 Bxd2 0-1

[Event "*** Biggest EVER Titled Tuesday"]
[Site "Chess.com"]
[Date "2018.04.17"]
[Round "8"]
[White "maciek_92"]
[Black "albi1999"]
[Result "1-0"]
[WhiteElo "2589"]
[BlackElo "2378"]
[TimeControl "180+2"]
[EndTime "14:49:11 PDT"]
[Termination "maciek_92 won by resignation"]

1. c4 e6 2. d4 d5 3. Nc3 Nf6 4. Bg5 Be7 5. e3 Nbd7 6. cxd5 Nxd5 7. Bxe7 Qxe7 8. Bd3 Nxc3 9. bxc3 c5 10. Ne2 O-O 11. O-O b6 12. e4 Bb7 13. Ng3 Rfd8 14.
Qe2 cxd4 15. cxd4 Nb8 16. d5 exd5 17. e5 Nc6 18. Rfe1 Re8 19. f4 Qc5+ 20. Kh1 Nb4 21. Rac1 Qd4 22. Bb5 Rec8 23. e6 Rxc1 24. Rxc1 Qxf4 25.
Rf1 Qd6 26. Rxf7 Rf8 27. Nf5 Qf4 28. Ne7+ Kh8 29. Rxf4 1-0

[Event "*** Biggest EVER Titled Tuesday"]
[Site "Chess.com"]
[Date "2018.04.17"]
[Round "8"]
[White "DACF2905"]
[Black "martinique24"]
[Result "1-0"]
[WhiteElo "2041"]
[BlackElo "2290"]
[TimeControl "180+2"]
[EndTime "14:49:22 PDT"]
[Termination "DACF2905 won by resignation"]

1. e4 c5 2. Nf3 d6 3. d4 cxd4 4. Nxd4 Nf6 5. Nc3 a6 6. Bg5 Nbd7 7. Qe2 h6 8. Bxf6 Nxf6 9. O-O-O e6 10. f4 Be7 11. g4 Qc7 12. Bg2 Rb8 13. h4 h5 14.
g5 Ng4 15. Bf3 b5 16. Bxg4 hxg4 17. h5 b4 18. Na4 e5 19. Nf5 exf4 20. Nxg7+ Kf8 21.
Nf5 f3 22. Qe3 Rg8 23. g6 fxg6 24. Qh6+ Ke8 25. hxg6 Bxf5 26. exf5 Qc4 27. Rhe1 Qxa2 28. Qh7 Rb7 29. f6 1-0

[Event "*** Biggest EVER Titled Tuesday"]
[Site "Chess.com"]
[Date "2018.04.17"]
[Round "8"]
[White "IMVoja"]
[Black "AndrewDGreen"]
[Result "1-0"]
[WhiteElo "2325"]
[BlackElo "2145"]
[TimeControl "180+2"]
[EndTime "14:49:24 PDT"]
[Termination "IMVoja won by resignation"]

1. Nf3 c5 2. e4 g6 3. c3 Bg7 4. d4 d5 5. exd5 Qxd5 6. Na3 cxd4 7. Nb5 Qe4+ 8. Be2 Na6 9. O-O Nh6 10. Nfxd4 O-O 11. Bf3 Qh4 12. g3 Qh3 13. Bg2 Qd7 14. Qe2 e5 15. Nb3 Rd8 16. Bg5 f6 17. Rad1 Qe8 18. Bxh6 Bxh6 19. Rxd8 Qxd8 20. Rd1 Qe7 21.
Nd6 Qc7 22. Qb5 Bf8 23. Qd5+ Kg7 24. Ne8+ 1-0

[Event "*** Biggest EVER Titled Tuesday"]
[Site "Chess.com"]
[Date "2018.04.17"]
[Round "8"]
[White "BergenChessAcademy"]
[Black "aa175"]
[Result "1-0"]
[WhiteElo "2193"]
[BlackElo "1880"]
[TimeControl "180+2"]
[EndTime "14:49:35 PDT"]
[Termination "BergenChessAcademy won on time"]

1. d4 e5 2. dxe5 Nc6 3. Nf3 Qe7 4. Qd5 g6 5. Nc3 Bg7 6. Nb5 Qb4+ 7. c3 Qa5 8. Nfd4 Bxe5 9. Nxc6 bxc6 10. Qxe5+ Kf8 11.
Qxh8 Qxb5 12. Bh6+ 1-0

[Event "*** Biggest EVER Titled Tuesday"]
[Site "Chess.com"]
[Date "2018.04.17"]
[Round "8"]
[White "guillembaches"]
[Black "2165149677570"]
[Result "1-0"]
[WhiteElo "2243"]
[BlackElo "2107"]
[TimeControl "180+2"]
[EndTime "14:49:38 PDT"]
[Termination "guillembaches won by resignation"]

1. d4 Nf6 2. Bf4 c5 3. e3 d5 4. c3 Nc6 5. Nd2 Qb6 6. Qb3 c4 7. Qc2 g6 8. e4 Nxe4 9. Nxe4 Bf5 10. f3 dxe4 11. fxe4 Bg4 12. Bxc4 Rc8 13. Qb3 Qxb3 14. axb3 e5 15. dxe5 Bg7 16. Nf3 O-O 17. O-O a6 18.
Bd5 Rfe8 19. Ng5 Nd8 20. Bg3 Re7 21. h3 Bh5 22. Bh4 Rec7 23. g4 Bxe5 24. gxh5 h6 25. Nf3 1-0

[Event "*** Biggest EVER Titled Tuesday"]
[Site "Chess.com"]
[Date "2018.04.17"]
[Round "8"]
[White "BIG_Pirate"]
[Black "gmtalentoso"]
[Result "1-0"]
[WhiteElo "2279"]
[BlackElo "2130"]
[TimeControl "180+2"]
[EndTime "14:49:39 PDT"]
[Termination "BIG_Pirate won by resignation"]

1. Nf3 g6 2. c4 c5 3. Nc3 Bg7 4. g3 Nc6 5. Bg2 e6 6. O-O Nge7 7. d4 Nxd4 8. Nxd4 cxd4 9. Nb5 d5 10. cxd5 Nxd5 11.
Nxd4 O-O 12. e4 Nb4 13. Be3 e5 14. Nb5 Nc6 15. Qxd8 Rxd8 16. Nc7 Rb8 17. Rfd1 Bg4 18. f3 Bd7 19. Bf1 Rbc8 20. Nd5 Be6 21. Bc4 b6 22. Rac1 h6 23. Ba6 Kh7 24. Bxc8 Rxc8 25. Rc3 Na5 26. Rxc8 Bxc8 27. b3 f5 28. Rc1 Be6 29. Rc7 fxe4 30. fxe4 1-0

[Event "*** Biggest EVER Titled Tuesday"]
[Site "Chess.com"]
[Date "2018.04.17"]
[Round "8"]
[White "Zhuu96"]
[Black "Arm-Akiba"]
[Result "1-0"]
[WhiteElo "2742"]
[BlackElo "2680"]
[TimeControl "180+2"]
[EndTime "14:49:40 PDT"]
[Termination "Zhuu96 won by resignation"]

1. e4 e5 2. Nf3 Nc6 3. Bc4 Bc5 4. c3 Nf6 5. d4 exd4 6. cxd4 Bb4+ 7. Nc3 Nxe4 8. O-O Bxc3 9. d5 Bf6 10. Re1 O-O 11. Rxe4 Ne7 12. Bg5 Bxg5 13. Nxg5 d6 14. Nxh7 Bf5 15. Rh4 Ng6 16. Rh5 Re8 17. Rxf5 Kxh7 18.
Rxf7 Ne5 19. Qh5+ Kg8 20. Rf4 Rf8 21. Rh4 Qf6 22. Rf1 Qf5 23. Be2 Qxh5 24. Bxh5 Rf5 25. f4 Nc4 26. Bg4 Raf8 27. Bxf5 Rxf5 28. Rc1 Ne3 29. Rxc7 Rxd5 30. Kf2 Nf5 31. Rh5 Rd2+ 32.
Ke1 Rd5 33. g4 1-0

[Event "*** Biggest EVER Titled Tuesday"]
[Site "Chess.com"]
[Date "2018.04.17"]
[Round "8"]
[White "AkshatChandra"]
[Black "LyonBeast"]
[Result "1/2-1/2"]
[WhiteElo "2814"]
[BlackElo "2853"]
[TimeControl "180+2"]
[EndTime "14:49:42 PDT"]
[Termination "Game drawn by agreement"]

1. e4 c5 2. Nf3 d6 3. d4 cxd4 4. Nxd4 Nf6 5. Nc3 a6 6. Be3 Ng4 7. Bc1 Nf6 8. h3 e5 9. Nde2 h5 10. g3 Nbd7 11. Bg2 b5 12. O-O Bb7 13. a4 b4 14. Nd5 Nxd5 15. exd5 Be7 16. c3 bxc3 17.
Nxc3 g6 18. Be3 O-O 19. Qb3 Rb8 20. Ba7 Nc5 21. Bxc5 dxc5 22. Qc4 Bc8 23. Ne4 Bf5 24. Qxa6 Bxe4 25. Bxe4 Rxb2 26. Rfb1 Rb4 27. Bxg6 fxg6 28.
Qxg6+ Kh8 29. Qh6+ Kg8 30. Qg6+ Kh8 31. Qh6+ 1/2-1/2

[Event "*** Biggest EVER Titled Tuesday"]
[Site "Chess.com"]
[Date "2018.04.17"]
[Round "8"]
[White "Gr3egor"]
[Black "ChessTrail"]
[Result "1-0"]
[WhiteElo "2352"]
[BlackElo "2468"]
[TimeControl "180+2"]
[EndTime "14:49:52 PDT"]
[Termination "Gr3egor won by resignation"]

1. d4 Nf6 2. c4 g6 3. Nc3 Bg7 4. e4 d6 5. Be2 c5 6. dxc5 dxc5 7. Qxd8+ Kxd8 8. Be3 Nfd7 9. O-O-O Bxc3 10. bxc3 b6 11.
Nf3 Nc6 12. Ng5 Ke8 13. f4 h6 14. Nf3 e5 15. Rd6 Bb7 16. Rhd1 Rd8 17. fxe5 Ke7 18. e6 fxe6 19. Ng5 hxg5 20. Bxg5+ Nf6 21. e5 Nxe5 22.
Rxd8 Rxh2 23. Rb8 Bxg2 24. Bf4 Ned7 25. Bxh2 Nxb8 26. Bxb8 Ne4 27. Bd3 Nxc3 28. Rg1 Be4 29. Kd2 Bxd3 30. Kxc3 Bf5 31. Bxa7 1-0

[Event "*** Biggest EVER Titled Tuesday"]
[Site "Chess.com"]
[Date "2018.04.17"]
[Round "8"]
[White "PchelkinVK"]
[Black "WinnerOleg"]
[Result "1-0"]
[WhiteElo "2428"]
[BlackElo "2304"]
[TimeControl "180+2"]
[EndTime "14:50:14 PDT"]
[Termination "PchelkinVK won by resignation"]

1. d4 Nf6 2. Nc3 d5 3. Bf4 e6 4. Nf3 Bd6 5. Qd2 O-O 6. O-O-O c5 7. dxc5 Bxc5 8. Bg5 Be7 9. e4 dxe4 10. Qf4 Nbd7 11.
Bxf6 exf3 12. Bxe7 Qxe7 13. gxf3 e5 14. Nd5 Qc5 15. Qg3 Kh8 16. Rg1 g6 17. h4 b6 18. Bh3 f5 19. h5 Rg8 20. hxg6 Rxg6 21. Qh4 Rxg1 22. Rxg1 Bb7 23. Bxf5 1-0

[Event "*** Biggest EVER Titled Tuesday"]
[Site "Chess.com"]
[Date "2018.04.17"]
[Round "8"]
[White "KRASAVCHIK2002"]
[Black "lachesisQ"]
[Result "0-1"]
[WhiteElo "2026"]
[BlackElo "2919"]
[TimeControl "180+2"]
[EndTime "14:50:35 PDT"]
[Termination "lachesisQ won by resignation"]

1. e4 b6 2. d4 Bb7 3. Bd3 Nc6 4. c3 d5 5. exd5 Qxd5 6. Nf3 O-O-O 7.
O-O Nf6 8. Nbd2 Qh5 9. b4 e5 10. a4 exd4 11. b5 Ne5 12. Nxe5 Qxe5 13. Nf3 Qd5 14. c4 Qh5 15. a5 Bd6 16. h3 Rhe8 17. axb6 axb6 18. Bg5 h6 19. Bf5+ Re6 20. Bxe6+ fxe6 21. Bxf6 gxf6 22. Qe2 Be5 23. Ra3 Rg8 24. Rfa1 Qg6 25.
Ra8+ Bxa8 26. Rxa8+ Kb7 27. Rxg8 Qxg8 28. Nxe5 fxe5 29.
Qxe5 Qd8 30. Qe4+ Kb8 31. Qd3 e5 32. f3 Qg5 33. Kf2 h5 34. Qe4 h4 35. Qd3 Qg3+ 36. Kf1 Qf4 37. Kf2 Qc1 38. Qe2 Qc3 39. Qxe5 Qc2+ 40. Qe2 d3 0-1

[Event "*** Biggest EVER Titled Tuesday"]
[Site "Chess.com"]
[Date "2018.04.17"]
[Round "8"]
[White "GMAkobianSTL"]
[Black "SabinoBrunello"]
[Result "1-0"]
[WhiteElo "2660"]
[BlackElo "2631"]
[TimeControl "180+2"]
[EndTime "14:50:42 PDT"]
[Termination "GMAkobianSTL won by resignation"]

1. d4 d5 2. c4 e6 3. Nc3 Nf6 4. Bg5 Bb4 5. cxd5 exd5 6. Qa4+ Nc6 7. e3 O-O 8. Nf3 h6 9. Bxf6 Qxf6 10. Rc1 Be6 11.
a3 Bd6 12. Nb5 Qd8 13. Nxd6 Qxd6 14. Be2 Ne7 15. O-O c6 16. Rc3 Nf5 17. b4 a6 18.
Rfc1 Qe7 19. Qa5 Nd6 20. Qb6 Rae8 21. a4 Bg4 22. h3 Bh5 23. R3c2 Ne4 24. Ne5 Bxe2 25.
Rxe2 Nd6 26. Rec2 Kh7 27. Qc5 f6 28. Nd3 Qd8 29. Nf4 g5 30. Ne2 Kg7 31. Nc3 Nc4 32. b5 axb5 33. axb5 Re6 34. bxc6 bxc6 35. Na4 f5 36.
Nb2 Nxb2 37. Rxb2 f4 38. Rb7+ Kg6 39. Qc2+ Kf6 40. exf4 gxf4 41. Qh7 1-0

[Event "*** Biggest EVER Titled Tuesday"]
[Site "Chess.com"]
[Date "2018.04.17"]
[Round "8"]
[White "Koksik_13"]
[Black "bascheyaro"]
[Result "1-0"]
[WhiteElo "2509"]
[BlackElo "2650"]
[TimeControl "180+2"]
[EndTime "14:50:42 PDT"]
[Termination "Koksik_13 won on time"]

1. e4 e6 2. d4 d5 3. Nc3 Bb4 4. exd5 exd5 5. Bd3 Nf6 6. Ne2 O-O 7. O-O Bg4 8. Bf4 Nc6 9. f3 Bh5 10. Nb5 Rc8 11.
Kh1 Re8 12. Ng3 Bg6 13. Bf5 Bxf5 14. Nxf5 Qd7 15. Qd3 a6 16. Nc3 Bxc3 17. bxc3 Na5 18. Be5 Re6 19. f4 Ne4 20. Qh3 f6 21. Qg4 fxe5 22.
Nxg7 Rd6 23. Nf5+ Rg6 24. Nh6+ 1-0

[Event "*** Biggest EVER Titled Tuesday"]
[Site "Chess.com"]
[Date "2018.04.17"]
[Round "8"]
[White "carlesdc96"]
[Black "OK97"]
[Result "1-0"]
[WhiteElo "2454"]
[BlackElo "2565"]
[TimeControl "180+2"]
[EndTime "14:50:55 PDT"]
[Termination "carlesdc96 won by resignation"]

1. e4 g6 2. d4 Bg7 3. Nf3 d6 4.
Bc4 Nf6 5. Qe2 Nc6 6. c3 e5 7. dxe5 Nxe5 8. Nxe5 dxe5 9. O-O O-O 10. Rd1 Qe7 11. Nd2 Nh5 12. Nf3 h6 13. Be3 Nf4 14.
Bxf4 exf4 15. h3 Be6 16. Rd2 Rfe8 17. Re1 Rad8 18. Bxe6 Qxe6 19. a3 c6 20. Qd1 Rxd2 21.
Qxd2 Re7 22. Qxf4 Kh7 23. Qe3 a6 24. Qb6 Rd7 25. e5 Qd5 26. Qd4 Qe6 27. Qh4 Kg8 28.
Qg4 Qxg4 29. hxg4 Rd5 30. Kf1 Rb5 31. Re2 Kf8 32. Ke1 Ke7 33. b4 Rd5 34. Re3 a5 35. Ke2 axb4 36. axb4 c5 37. c4 Rd8 38. bxc5 Rc8 39.
Rb3 Rxc5 40. Rxb7+ Ke8 41. Kd3 Ra5 42. e6 Ra3+ 43. Ke4 1-0